 Dungeon Crawl Stone Soup version 0.22.1-6-g1668fe2c40 (webtiles) character file.

24 Kohma the Sneak (level 2, -2/13 HPs)
             Began as a Spriggan Enchanter on Jan 20, 2019.
             Slain by a hobgoblin
             ... wielding a +0 club
              (4 damage)
             ... on level 1 of the Dungeon.
             The game lasted 00:05:53 (1996 turns).

Kohma the Sneak (Spriggan Enchanter)                Turns: 1996, Time: 00:05:54

Health: -2/13      AC:  2    Str:  4    XL:     2   Next: 79%
Magic:  0/6        EV: 18    Int: 16    God:
Gold:   51         SH:  0    Dex: 16    Spells: 3/6 levels left

rFire    . . .     SeeInvis +   a - +1 dagger
rCold    . . .     Gourm    .   (shield restricted)
rNeg     . . .     Faith    .   b - +0 robe
rPois    .         Spirit   .   (helmet restricted)
rElec    .         Reflect  .   (no cloak)
rCorr    .         Harm     .   (gloves unavailable)
MR       .....                  (boots unavailable)
Stlth    +++.......             (no amulet)
HPRegen  0.04/turn              (no ring)
MPRegen  0.10/turn              (no ring)

@: very slightly contaminated, very quick
A: very small, unfitting armour, see invisible, herbivore, speed 3, slow
metabolism 2
a: no special abilities


You were on level 1 of the Dungeon.
You were not hungry.

You visited 1 branch of the dungeon, and saw 1 of its levels.

You collected 51 gold pieces.

Inventory:

Hand Weapons
 a - a +1 dagger (weapon)
 l - a +0 hunting sling
Missiles
 h - 19 poisoned needles
 i - 23 bolts
Armour
 b - a +0 robe (worn)
Jewellery
 f - an uncursed amulet of rage {unknown}
Scrolls
 c - 6 scrolls of identify {unknown}
 e - 2 scrolls of blinking {unknown}
 g - a scroll of fog {unknown}
 k - a scroll of teleportation {unknown}
Potions
 j - a potion of agility {unknown}
Comestibles
 d - a ration


   Skills:
 * Level 1.9 Short Blades
 + Level 3.2 Dodging
 + Level 4.6 Stealth
 + Level 2.9 Spellcasting
 * Level 4.1 Hexes


You had 3 spell levels left.
You knew the following spells:

 Your Spells              Type           Power        Failure   Level  Hunger
a - Corona                Hex            ###....      3%          1    #......
b - Ensorcelled Hibernat  Hex/Ice        #.....       12%         2    ##.....

Your spell library contained the following spells:

 Spells                   Type           Power        Failure   Level  Hunger
 Confuse                  Hex            ###.....     11%         3    ###....
 Tukima's Dance           Hex            ###.....     11%         3    ###....
 Dazzling Spray           Conj/Hex       #.....       24%         3    ###....


Dungeon Overview and Level Annotations

Branches:
Dungeon (1/15)

Altars:


Innate Abilities, Weirdness & Mutations

You are very small and have problems with some larger weapons.
You are too small for most types of armour.
You have supernaturally acute eyesight. (SInv)
You are a herbivore.
You cover ground extremely quickly.
You need to consume almost no food.


Message History

Casting: Ensorcelled Hibernation (safe; 12% risk of failure)
Confirm with . or Enter, or press ? or * to list all spells.
Aiming: Ensorcelled Hibernation (safe; 12% risk of failure)
Press: ? - help, Shift-Dir - straight line, f/p - hobgoblin
Aim: a hobgoblin, wielding a club (chance to defeat MR: 58%)
The hobgoblin resists with significant effort.
The hobgoblin closely misses you.
You hit the hobgoblin.
The hobgoblin is lightly wounded.
You hit the hobgoblin.
The hobgoblin is heavily wounded.
The hobgoblin completely misses you.
You hit the hobgoblin but do no damage.
The hobgoblin is heavily wounded.
The hobgoblin hits you with a club.
* * * LOW HITPOINT WARNING * * *
You hit the hobgoblin but do no damage.
The hobgoblin is heavily wounded.
The hobgoblin hits you with a club.
You die...

#.........## #.#
#########..#########h#
#.............#.#
#...†.........#.#
#####
#.............#.#
#....
#.........)...#(####
#.##.
#..................#
#.##.
#............).....#
#.###
#........@g........#
#.#
#######)##.........#
#.# #.##.........#
#.### #..#.........#
#.... ##.#.........#
##### #...........#
##.###......#
#######'###......#
#..........##.####


You could see a hobgoblin.

Vanquished Creatures
  A dart slug (D:1)
  A ball python (D:1)
  3 bats (D:1)
  A giant cockroach (D:1)
  A goblin (D:1)
  5 hobgoblins (D:1)
  3 jackals (D:1)
  A frilled lizard (D:1)
  A kobold (D:1)
  A rat (D:1)
18 creatures vanquished.

Notes
Turn   | Place    | Note
-------+----------+-------------------------------------------
     0 | D:1      | Kohma the Spriggan Enchanter began the quest for the Orb.
     0 | D:1      | Reached XP level 1. HP: 9/9 MP: 5/5
   715 | D:1      | Reached XP level 2. HP: 13/13 MP: 6/6
   719 | D:1      | Learned a level 2 spell: Ensorcelled Hibernation
  1996 | D:1      | Slain by a hobgoblin

Skill      XL: |  1  2 |
---------------+-------+-----
Hexes          | 4 |  4.1
Short Blades   | |  1.9
Dodging        | |  3.2
Stealth        | |  4.6
Spellcasting   | |  2.9

Action                   || total
-------------------------++-------
Melee: Dagger            ||   107
 Cast: Corona            ||     3
       Ensorcelled Hiber ||    11
 Stab: Sleeping          ||     9
Armor: Robe              ||    18
Dodge: Dodged            ||   115
